AoeStats
← Michi3052

Arabia

506771148Analyzed
1v1 RM · 19d ago on Sep 15, 2026· 50m 22s· 2 players
Game mode
Random Map
Map size
Tiny (2 player)
Population
200
Speed
Normal
Resources
Standard
Victory
Conquest
Starting age
Dark Age
Ending age
Imperial Age
RankedLock teamsTeams togetherTeam positionsShared explorationLock speedFull tech treeHidden civsTurbo modeCheats
Victory
Defeat
🇪🇸 Mongols · Spain
740
+15
🇲🇽 Magyars · Mexico
727
-20
SlySIERRAR117
8:10 Loom
12:29 Feudal Age
13:21 Horse Collar
13:28 Double-Bit Axe
16:14 Wheelbarrow
22:31 Castle Age
24:12 Scale Barding Armor
23:46 Elite Skirmisher
25:16 Gold Mining
25:43 Fletching
26:24 Hand Cart
27:46 Bow Saw
29:25 Chain Barding Armor
30:00 Husbandry
32:10 Thumb Ring
38:35 Bodkin Arrow
39:11 Ballistics
43:01 Imperial Age
42:29 Padded Archer Armor
44:59 Conscription
45:08 Leather Archer Armor
46:02 Gold Shaft Mining
45:38 Heavy Plow
45:59 Corvinian Army
46:47 Plate Barding Armor
46:45 Bracer
47:08 Corvinian Army
48:18 Ring Archer Armor
49:19 Murder Holes
Michi3052
9:11 Feudal Age
13:22 Double-Bit Axe
18:34 Castle Age
16:26 Horse Collar
24:18 Loom
26:25 Fletching
26:36 Padded Archer Armor
27:19 Wheelbarrow
28:39 Gold Mining
29:11 Bodkin Arrow
30:21 Hand Cart
33:01 Bow Saw
33:41 Town Watch
33:48 Town Watch
37:35 Imperial Age
37:43 Elite Mangudai
40:26 Town Patrol
40:54 Conscription
41:30 Bloodlines
42:38 Forging
42:35 Scale Barding Armor
44:30 Husbandry
47:22 Gold Shaft Mining
46:38 Stone Mining
47:00 Heavy Camel Rider
49:32 Chemistry
48:53 Ballistics
49:12 Leather Archer Armor
48:57 Bracer
49:19 Chain Barding Armor
Connection lost

Rejoining the realm…

Still unreachable

The connection could not be restored.

Session expired

The server has moved on; the page needs a fresh start.